 Dungeon Crawl Stone Soup version 0.29-a0-322-g68df515428 (webtiles) character file.

Game seed: 15464637582662462357

1118 zishaf the Digger (level 8, -5/70 HPs)
             Began as an Octopode Earth Elementalist on Apr 8, 2022.
             Was a Follower of Hepliaklqana.
             Slain by a gnoll
             ... wielding a +0 flail
              (11 damage)
             ... on level 6 of the Dungeon.
             The game lasted 00:14:12 (6386 turns).

zishaf the Digger (Octopode Earth Elementalist)     Turns: 6386, Time: 00:14:13

Health: -5/70      AC:  2    Str:  7    XL:     8   Next: 34%
Magic:  2/12       EV: 13    Int: 20    God:    Hepliaklqana [*.....]
Gold:   419        SH:  0    Dex: 12    Spells: 5/13 levels left

rFire   + . .      SeeInvis .   a - +6 falchion (holy)
rCold   . . .      Faith    .   (no shield)
rNeg    + . .      Spirit   .   n - +1 hat
rPois   .          Reflect  .   (no amulet)
rElec   .          Harm     .   s - ring of flight
rCorr   +          Rampage  .   h - ring of positive energy
Will    .....                   c - ring of protection from fire
Stlth   ..........              y - ring of wizardry
HPRegen 0.21/turn               A - ring of resist corrosion
MPRegen 0.13/turn               (no ring)
                                (no ring)
                                (no ring)

@: berserking, flying, very quick
A: reduced essence, almost no armour, amphibious, 8 rings, camouflage 1,
gelatinous body 1, (nimble swimmer 1), tentacles
a: Renounce Religion, Recall Ancestor, Ancestor Identity


You were on level 6 of the Dungeon.
You worshipped Hepliaklqana.
Hepliaklqana was aware of your devotion.
You visited 1 branch of the dungeon, and saw 6 of its levels.
You also visited: Sewer.

You collected 419 gold pieces.

Inventory:

Hand Weapons
 a - a +6 falchion of holy wrath (weapon)
 H - a +1 halberd
Missiles
 u - 49 stones
 v - a throwing net
Armour
 n - a +1 hat (worn)
Magical Staves
 b - a staff of conjuration
 C - a staff of air
Jewellery
 c - a ring of protection from fire (on tentacle)
 h - a ring of positive energy (right tentacle)
 s - a ring of flight (left tentacle)
 y - a ring of wizardry (on tentacle)
 A - a ring of resist corrosion (on tentacle)
Wands
 q - a wand of acid (9)
 t - a wand of flame (19)
Scrolls
 f - a scroll of teleportation
 g - a scroll of acquirement {unknown}
 i - 3 scrolls of amnesia
 k - 3 scrolls of identify
 l - 3 scrolls of fog
 x - a scroll of noise {unknown}
 B - a scroll of blinking
 D - 2 scrolls of torment {unknown}
 F - a scroll of vulnerability {unknown}
 G - a scroll of immolation {unknown}
Potions
 d - 2 potions of might
 e - a potion of berserk rage
 j - 2 potions of curing {unknown}
 m - 2 potions of brilliance {unknown}
 o - 2 potions of degeneration {unknown}
 p - 3 potions of ambrosia {unknown}
 r - 4 potions of heal wounds {unknown}
 w - a potion of magic
 z - a potion of flight {unknown}
 E - a potion of invisibility
 I - a potion of attraction {unknown}


   Skills:
 + Level 3.6 Fighting
 - Level 2.0 Dodging
 - Level 4.0 Stealth
 - Level 3.2 Spellcasting
 + Level 4.3 Conjurations
 - Level 4.0 Summonings
 - Level 1.0 Transmutations
 + Level 5.7 Earth Magic


You had 5 spell levels left.
You knew the following spells:

 Your Spells              Type           Power      Damage    Failure   Level
a - Sandblast             Erth           52%        2d12      1%          1
b - Call Imp              Summ           19%        N/A       1%          2
c - Stone Arrow           Conj/Erth      46%        3d9       2%          3
d - Passwall              Tmut/Erth      13%        N/A       2%          2

Your spell library contained the following spells:

 Spells                   Type           Power      Damage    Failure   Level
 Magic Dart               Conj           80%        1d7       1%          1
 Summon Small Mammal      Summ           76%        N/A       1%          1
 Animate Skeleton         Necr           6%         N/A       6%          1
 Apportation              Tloc           6%         N/A       6%          1
 Pain                     Necr           12%        1d4       6%          1
 Mephitic Cloud           Conj/Pois/Air  9%         N/A       9%          3
 Petrify                  Tmut/Erth      16%        N/A       14%         4
 Confusing Touch          Hex            3%         N/A       16%         3
 Vampiric Draining        Necr           3%         2d6       16%         3
 Yara's Violent Unravell  Hex/Tmut       2%         3d3       75%         5
 Enfeeble                 Hex            1%         N/A       100%        7


Dungeon Overview and Level Annotations

Branches:
Dungeon (6/15)              Sewer (visited)
 Temple: D:4-7

Altars:
Ashenzari
Elyvilon
Fedhas
Hepliaklqana
Kikubaaqudgha
Sif Muna
Uskayaw
Xom
Zin

Shops:
D:4 ((


Innate Abilities, Weirdness & Mutations

Your life essence is reduced to manifest your ancestor. (-10% HP)
You cannot wear most types of armour.
You are amphibious.
You can wear up to eight rings at the same time.
Your skin changes colour to match your surroundings (Stealth+).
Your rubbery body absorbs attacks. (AC +1, EV +1)
((You are camouflaged when in or above water. (Stealth+)))
You have tentacles for arms and can constrict up to eight enemies at once.


Message History

Septima is destroyed!
Grinder says, "You look like you could use a good racking."
Grinder blinks!
The gnoll shaman calls upon its god to speed up the gnoll.
The gnoll seems to speed up.
Grinder says, "You look like you could use a good racking."
Grinder blinks!
The gnoll shaman calls upon its god to speed up the gnoll.
The gnoll seems to speed up.
Grinder attacks as you move away! Grinder hits you.
You writhe in agony.
Grinder gestures at you.
You suddenly lose the ability to move!
The gnoll hits you but does no damage.
The gnoll hits you with a +0 whip. x2; Grinder completely misses you.
The gnoll hits you with a +0 whip! Grinder hits you!
You writhe in agony.
The gnoll hits you with a +0 whip. x2
* * * LOW HITPOINT WARNING * * *
Grinder completely misses you.
You can move again.
A red film seems to cover your vision as you go berserk!
You feel yourself moving faster!
You feel mighty!
The gnoll shaman utters an invocation to its god.
The gnoll shaman is healed somewhat.
Grinder barely misses you.
You closely miss Grinder. Your grab misses Grinder.
Your squeeze misses Grinder.
Grinder is lightly wounded.
The gnoll barely misses you. The gnoll hits you with a +0 flail!
* * * LOW HITPOINT WARNING * * *
The gnoll barely misses you. Grinder gestures at you.
Pain shoots through your body!
* * * LOW HITPOINT WARNING * * *
You slash Grinder!
Grinder convulses!
You grab Grinder.
Grinder is severely wounded.
You constrict Grinder. The gnoll barely misses you.
The gnoll closely misses you.
You hit Grinder.
Grinder convulses.
You squeeze Grinder.
You kill Grinder!
The gnoll hits you with a +0 flail!
You die...

#..# ##.##########
#..########
#...........#
#..#.......
......)....g#
#..#.#####.
...ยง.#####g.#..
#..#.....#. #..#
#g@#.##.#..#.....#.
..
##.#.##.#..#.....#.
.
#.#.##.#<.#.#.#.#.
#.#.##.##.#.#.#.#.
##...##....#.....#.
+................>.
##...#.............
#.#...........#...
#.#...###.........


You could see a gnoll shaman and 2 gnolls.

Vanquished Creatures
  Grinder (D:6)
  Menkaure (D:4)
  A phantom (D:5)
  A centaur (D:6)
  Blork the orc (D:4)
  2 bullfrogs (Sewer)
  A scorpion (D:4)
  3 wights (D:6)
  2 hounds (D:4)
  An orc priest (D:3)
  A jelly (D:5)
  Ijyb (D:3)
  Terence (D:3)
  An iguana (D:5)
  An orc wizard (D:3)
  A gnoll (D:6)
  10 adders
  A shadow imp (D:4)
  A white imp (D:5)
  2 worms
  A dart slug (D:4)
  5 orcs (D:3)
  4 endoplasms
  11 giant cockroaches
  14 goblins
  5 hobgoblins
  4 kobolds
  5 quokkas (Sewer)
  10 ball pythons
  2 bats
  11 frilled lizards
  6 rats
112 creatures vanquished.

Vanquished Creatures (others)
  An ancestor (D:6)
1 creature vanquished.

Grand Total: 113 creatures vanquished

Notes
Turn   | Place    | Note
-------+----------+-------------------------------------------
     0 | D:1      | zishaf the Octopode Earth Elementalist began the quest for
                  | the Orb.
     0 | D:1      | Reached XP level 1. HP: 11/11 MP: 3/3
  1088 | D:2      | Reached XP level 2. HP: 18/18 MP: 3/5
  1194 | D:2      | Reached skill level 1 in Fighting
  1258 | D:2      | Learned a level 2 spell: Call Imp
  1471 | D:2      | Reached XP level 3. HP: 11/23 MP: 1/6
  2247 | D:3      | Noticed Ijyb
  2434 | D:3      | Learned a level 3 spell: Stone Arrow
  2529 | D:3      | Reached skill level 1 in Summonings
  2529 | D:3      | Reached XP level 4. HP: 28/28 MP: 1/7
  2591 | D:3      | Reached skill level 1 in Conjurations
  2702 | D:3      | Killed Ijyb
  2703 | D:3      | Reached XP level 5. HP: 24/33 MP: 2/8
  3227 | D:3      | Noticed Terence
  3229 | D:3      | Killed Terence
  3230 | D:3      | Reached skill level 4 in Earth Magic
  3533 | D:4      | Found Ryugoim's Antique Weapon Emporium.
  3580 | D:4      | Found Cojanyts's Weapon Shop.
  3589 | D:4      | Noticed Menkaure
  3640 | D:4      | Killed Menkaure
  3641 | D:4      | Reached XP level 6. HP: 3/38 MP: 10/10
  3928 | D:3      | Learned a level 2 spell: Passwall
  3998 | D:4      | Noticed Blork the orc
  4190 | D:4      | Found a hide-covered altar of Uskayaw.
  4280 | D:4      | Found a blossoming altar of Fedhas.
  4298 | D:4      | Reached XP level 7. HP: 31/44 MP: 11/11
  4309 | D:4      | Found a shimmering altar of Xom.
  4414 | D:4      | Killed Blork the orc
  4848 | D:5      | Entered Level 5 of the Dungeon
  4860 | D:5      | Found an ancient bone altar of Kikubaaqudgha.
  4866 | D:5      | Found a hazy altar of Hepliaklqana.
  4868 | D:5      | Found a white marble altar of Elyvilon.
  4868 | D:5      | Found a glowing silver altar of Zin.
  4874 | D:5      | Found a shimmering blue altar of Sif Muna.
  4898 | D:5      | Became a worshipper of Hepliaklqana the Forgotten
  5123 | D:5      | Found a broken altar of Ashenzari.
  5166 | D:5      | Found a glowing drain.
  5173 | Sewer    | Entered a sewer
  5473 | Sewer    | Reached skill level 5 in Earth Magic
  5497 | Sewer    | Identified the +2 scale mail "Myotoec" {Harm Slay+5 SInv}
  5687 | D:5      | Reached XP level 8. HP: 43/52 MP: 12/12
  6163 | D:6      | Reached * piety under Hepliaklqana
  6361 | D:6      | Noticed Grinder
  6365 | D:6      | Paralysed by Grinder for 7 turns
  6378 | D:6      | Paralysed by Grinder for 5 turns
  6386 | D:6      | Killed Grinder
  6386 | D:6      | Slain by a gnoll

Illustrated notes

Levels and vault maps discovered:
D:1:      dpeg_arrival_central, layout_loops_corners, kennysheep_crisscross,
          minmay_crystal_room
D:2:      layout_loops_cross
D:3:      kennysheep_the_goblin_king, layout_basic, uniq_terence
D:4:      layout_rooms, mainiacjoe_overflow_six_doors_small,
          amcnicky_altar_gilded, mainiacjoe_overflow_surrounded_room,
          serial_shops, nicolae_square_shop, shop_fountains, uniq_blork_the_orc,
          uniq_menkaure
D:5:      layout_cave_pools, nicolae_overflow_hallway_of_the_gods,
          lemuel_coloured_pillars_altar, portal_sewer_entry_e
D:6:      layout_basic, minmay_temple_entry_slanted, uniq_grinder

Skill      XL: |  1  2  3  4  5  6  7  8 |
---------------+-------------------------+-----
Stealth        | 3 4 |  4.0
Fighting       | 1 3 |  3.6
Summonings     | 1 2 3 4 |  4.0
Conjurations   | 1 2 3 4 |  4.3
Earth Magic    | 4 5 |  5.7
Spellcasting   | 3 |  3.2
Dodging        | |  2.0
Transmutations | |  1.0

Action                   |  1- 3 |  4- 6 |  7- 9 || total
-------------------------+-------+-------+-------++-------
Melee: Dagger            |    11 |    25 |       ||    36
       Constrict         |     2 |    13 |    14 ||    29
       Tentacles         |     2 |     6 |    12 ||    20
       Falchion          |       |    26 |    75 ||   101
 Cast: Sandblast         |    39 |    19 |       ||    58
       Call Imp          |     1 |     3 |     1 ||     5
       Stone Arrow       |       |     1 |    17 ||    18
Evoke: Wand              |       |     2 |       ||     2
  Use: Scroll            |       |     8 |       ||     8
       Potion            |       |       |     1 ||     1
 Stab: Sleeping          |     3 |     4 |     6 ||    13
Armor: Skin              |     1 |     5 |    15 ||    21
Dodge: Dodged            |     9 |    38 |    52 ||    99

Table legend: (Time is in decaauts)
 A = Elapsed time spent in this place.
 B = Non-inter-level travel time spent in this place.
 C = Inter-level travel time spent in this place.
 D = Time resting spent in this place.
 E = Time spent auto-exploring this place.
 F = Levels seen in this place.
 G = Mean time per level.
                   A        B        C        D        E       F      G
               +--------+--------+--------+--------+--------+-----+--------+
         Total |   6421 |   6172 |    249 |   1316 |   3494 |   7 |  917.3 |
       Dungeon |   5957 |   5708 |    249 |   1216 |   3316 |   6 |  992.8 |
         Sewer |    464 |    464 |      0 |    100 |    178 |   1 |  464.0 |
               +--------+--------+--------+--------+--------+-----+--------+

Top non-repeatable levels by time:
     D:2: 1492 daAuts
     D:3: 1461 daAuts
     D:1: 1081 daAuts
     D:5: 859 daAuts
     D:4: 828 daAuts
   Sewer: 464 daAuts
     D:6: 233 daAuts
